 Dungeon Crawl Stone Soup version 0.17.1-1-g73c8601 (webtiles) character file.

6126 PossumBlood the Warrior (level 10, -11/107 HPs)
             Began as a Minotaur Fighter on Dec 24, 2015.
             Mangled by an orc warrior
             ... wielding a cursed -3 glaive
              (14 damage)
             ... in a bailey.
             The game lasted 00:19:13 (8991 turns).

PossumBlood the Warrior (Minotaur Fighter)          Turns: 8991, Time: 00:19:13

Health: -11/107    AC: 14    Str: 23    XL:     10   Next: 59%
Magic:  9/9        EV:  4    Int: 11    God:
Gold:   488        SH:  9    Dex: 11    Spells: 0 memorised, 9 levels left

rFire  . . .     SeeInvis .     H - +1 scimitar (flame)
rCold  + . .     Clarity  .     y - +0 plate armour
rNeg   + . .     SustAt   .     c - +0 shield
rPois  .         Gourm    .     (helmet restricted)
rElec  .         Spirit   .     F - +2 cloak
rCorr  +         Warding  .     (no gloves)
rMut   .         Stasis   .     (no boots)
MR     .....                    C - amulet of resist corrosion
Stlth  ..........               B - ring of Gavirph {Ice rN+ Int+6}
                                p - ring of protection from fire

@: not resistant to hostile enchantments, extremely unstealthy
A: retaliatory headbutt, horns 2
a: no special abilities


You were in a bailey.
You were not hungry.

You visited 2 branches of the dungeon, and saw 9 of its levels.
You also visited: Bailey.

You collected 488 gold pieces.

Inventory:

Hand Weapons
 a - a +1 long sword
 H - a +1 scimitar of flaming (weapon)
Missiles
 h - 7 tomahawks (quivered)
Armour
 c - a +0 shield (worn)
 r - a +1 cloak
 y - a +0 plate armour (worn)
 F - a +2 cloak (worn)
Jewellery
 p - a ring of protection from fire (left hand)
 v - an uncursed ring of magical power
 B - the ring of Gavirph (right hand) {Ice rN+ Int+6}
   (You found it on level 5 of the Dungeon)

   [ring of ice]

   It enhances your ice magic, and weakens your fire magic.
   It affects your intelligence (+6).
   It makes you vulnerable to fire.
   It protects you from cold.
   It protects you from negative energy.
 C - an amulet of resist corrosion (around neck)
Wands
 s - a wand of fireball (14)
 w - a wand of digging (15)
 z - a wand of polymorph (16)
 D - a wand of magic darts (28)
Scrolls
 e - 5 scrolls of teleportation
 f - 7 scrolls of remove curse
 i - 2 scrolls of magic mapping
 m - a scroll of amnesia
 q - 3 scrolls of fear
 x - 2 scrolls of blinking
 A - a scroll of recharging
 G - a scroll of torment {unknown}
Potions
 d - a potion of brilliance
 l - a potion of haste
 n - a potion of degeneration
 t - a potion of cure mutation {unknown}
 u - a potion of lignification
 E - 2 potions of flight
Comestibles
 b - a beef jerky
 g - 3 bread rations
 j - 3 meat rations


   Skills:
 - Level 16.3 Fighting
 * Level 9.0 Long Blades
 - Level 3.6 Armour
 - Level 3.6 Shields


You had 9 spell levels left.
You didn't know any spells.

Dungeon Overview and Level Annotations

Branches:
Dungeon (8/15)             Temple (1/1) D:4            Lair (0/8) D:8

Altars:
Ashenzari
Cheibriados
Dithmenos
Elyvilon
Fedhas
Gozag
Kikubaaqudgha
Makhleb
Nemelex Xobeh
Qazlal
Ru
Sif Muna
Vehumet
Xom
Yredelemnul
Zin
The Shining One


Innate Abilities, Weirdness & Mutations

You reflexively headbutt those who attack you in melee.
You have a pair of horns on your head.


Message History

You hit the centaur but do no damage.
The centaur is severely wounded.
You block the centaur's attack. The orc warrior hits you with a glaive.
* * * LOW HITPOINT WARNING * * *
You hit the centaur but do no damage.
The centaur is severely wounded.
The centaur barely misses you. You block the orc warrior's attack.
The centaur hits you with a halberd.
* * * LOW HITPOINT WARNING * * *
You hit the centaur but do no damage. Your headbutt misses the centaur.
The centaur is severely wounded.
You block the centaur's attack.
You slash the centaur! You burn the centaur.
You kill the centaur!
Your Long Blades skill increases to level 9!
The orc warrior hits you but does no damage.
You completely miss the orc warrior. You headbutt the orc warrior.
The orc warrior is moderately wounded.
The orc warrior hits you with a glaive!
You die...

≈.≈≈≈....
≈.≈.............≈.≈≈≈≈#
.≈≈.⌠.........⌠.≈≈.≈≈≈#
c≈...............≈.≈≈≈#
≈≈....≈≈≈≈≈≈≈....≈≈.≈≈#
#...≈≈≈≈≈≈≈≈≈≈≈...≈.≈≈#
...≈≈≈≈≈≈≈≈≈≈≈≈≈..≈.≈≈#
.(.≈≈≈≈≈)!)≈≈≈≈≈o)..≈≈#
..)≈≈≈≈≈≈≈≈≈≈≈≈≈@)≈.≈≈#
#...≈≈≈≈≈≈≈≈≈≈≈)).≈.≈≈#
≈≈.(..≈≈≈≈≈≈≈.)..≈≈.≈≈#
.≈...........)(..≈.≈≈≈#
.≈≈.⌠(......))⌠.≈≈.≈≈≈#
≈c≈.....).......≈.≈≈≈≈#
≈.≈≈≈.........≈≈≈.≈≈≈≈#
≈≈..≈≈≈.....≈≈≈..≈≈≈≈≈#
≈≈≈≈..≈≈≈≈≈≈≈..≈≈≈≈≈≈≈#


You could see an orc warrior.

Vanquished Creatures
  Erica (D:8)
  Pikel (D:7)
  A hill giant (D:7)
  The ghost of Nakatomy the Chopper, an amateur MiFi (D:6)
  Sigmund (D:4)
  Edmund (D:4)
  Duvessa (D:4)
  2 sky beasts
  An ice beast (D:6)
  10 orc warriors
  A phantom (D:4)
  4 ogres
  7 centaurs
  Blork the orc (D:4)
  4 giant frogs
  3 scorpions
  Dowan (D:4)
  2 crimson imps
  3 giant frog zombies (D:5)
  5 hounds
  2 jellies (D:5)
  2 centaur zombies
  Crazy Yiuf (D:3)
  2 centaur skeletons
  2 giant frog skeletons (D:5)
  Terence (D:3)
  10 worker ants
  2 iguanas
  4 orc wizards
  A hound zombie (D:5)
  3 worker ant zombies (D:5)
  3 adders
  6 gnolls
  A shadow imp (D:6)
  3 oozes
  An adder zombie (D:5)
  4 adder skeletons
  2 worms (D:5)
  3 giant geckos
  29 orcs
  10 bats
  3 giant cockroaches
  10 goblins
  14 hobgoblins
  14 jackals
  3 ball pythons
  A giant cockroach zombie (D:5)
  2 giant gecko zombies
  7 giant newts
  A jackal skeleton (D:4)
  2 jackal zombies (D:5)
  12 kobolds
  4 quokkas
  A quokka skeleton (D:4)
  A quokka zombie (D:5)
  15 rats
233 creatures vanquished.

Vanquished Creatures (others)
  A slave (D:7)
  A centaur (D:7)
  A shadow imp (D:7)
3 creatures vanquished.

Grand Total: 236 creatures vanquished

Notes
Turn   | Place    | Note
--------------------------------------------------------------
     0 | D:1      | PossumBlood the Minotaur Fighter began the quest for the Orb.
     0 | D:1      | Reached XP level 1. HP: 19/19 MP: 0/0
    53 | D:1      | Reached skill level 4 in Fighting
   238 | D:1      | Reached XP level 2. HP: 25/27 MP: 1/1
   654 | D:1      | Reached skill level 5 in Fighting
   777 | D:1      | Reached XP level 3. HP: 36/36 MP: 2/2
  1406 | D:2      | Found a shimmering altar of Xom.
  1586 | D:2      | Reached XP level 4. HP: 44/44 MP: 3/3
  1642 | D:2      | Reached skill level 6 in Fighting
  2488 | D:3      | Noticed Crazy Yiuf
  2497 | D:3      | Killed Crazy Yiuf
  2699 | D:3      | Noticed a giant frog
  2707 | D:3      | Killed a giant frog
  2707 | D:3      | Reached skill level 7 in Fighting
  2707 | D:3      | Reached XP level 5. HP: 38/52 MP: 4/4
  2735 | D:3      | Noticed Terence
  2749 | D:3      | Killed Terence
  2796 | D:3      | Found a glowing golden altar of the Shining One.
  2822 | D:3      | Found a glowing silver altar of Zin.
  3425 | D:4      | Reached skill level 8 in Fighting
  3425 | D:4      | Reached XP level 6. HP: 52/62 MP: 5/5
  3455 | D:4      | Noticed Blork the orc
  3463 | D:4      | Killed Blork the orc
  3466 | D:4      | Reached skill level 9 in Fighting
  3633 | D:4      | Noticed Dowan
  3634 | D:4      | Noticed Duvessa
  3646 | D:4      | Killed Dowan
  3653 | D:4      | Killed Duvessa
  3653 | D:4      | Reached XP level 7. HP: 19/71 MP: 6/6
  3655 | D:4      | Reached skill level 10 in Fighting
  3935 | D:4      | Found a stormy altar of Qazlal.
  3954 | D:4      | Noticed Sigmund
  3966 | D:4      | Killed Sigmund
  4062 | D:4      | Noticed Edmund
  4083 | D:4      | Killed Edmund
  4083 | D:4      | Reached skill level 11 in Fighting
  4195 | D:4      | Noticed an ogre
  4205 | D:4      | Killed an ogre
  4205 | D:4      | Reached XP level 8. HP: 59/82 MP: 7/7
  4563 | D:4      | Found a staircase to the Ecumenical Temple.
  4628 | Temple   | Entered the Ecumenical Temple
  4720 | D:5      | Entered Level 5 of the Dungeon
  4743 | D:5      | Reached skill level 12 in Fighting
  5229 | D:5      | Reached skill level 13 in Fighting
  5279 | D:5      | Found an ancient bone altar of Kikubaaqudgha.
  5318 | D:5      | Found a snail-covered altar of Cheibriados.
  5508 | D:5      | Got a wavering steel ring
  5538 | D:5      | Identified the ring of Gavirph {Ice rN+ Int+6} (You found it on level 5 of the Dungeon)
  5788 | D:5      | Found a deep blue altar of Sif Muna.
  5974 | D:6      | Reached XP level 9. HP: 94/94 MP: 8/8
  6015 | D:6      | Found a blossoming altar of Fedhas.
  6037 | D:6      | Reached skill level 14 in Fighting
  6177 | D:6      | Noticed Nakatomy's ghost (amateur MiFi)
  6196 | D:6      | Killed Nakatomy's ghost
  6377 | D:6      | Found a shimmering altar of Xom.
  6817 | D:6      | Found a deep blue altar of Sif Muna.
  6902 | D:7      | Noticed Pikel
  6909 | D:7      | Killed Pikel
  6909 | D:7      | Reached skill level 15 in Fighting
  7178 | D:7      | Found an opulent altar of Gozag.
  7619 | D:7      | Noticed a hill giant
  7631 | D:7      | Killed a hill giant
  7631 | D:7      | Reached skill level 16 in Fighting
  7631 | D:7      | Reached XP level 10. HP: 11/107 MP: 9/9
  8061 | D:8      | Noticed Erica
  8074 | D:8      | Killed Erica
  8074 | D:8      | Reached skill level 5 in Long Blades
  8088 | D:8      | HP: 5/107 [poisoned by Erica (bolt of poison)]
  8094 | D:8      | HP: 5/107 [poisoned by Erica (bolt of poison)]
  8102 | D:8      | HP: 5/107 [poisoned by Erica (bolt of poison)]
  8426 | D:8      | Found an opulent altar of Gozag.
  8445 | D:8      | Found a shattered altar of Ashenzari.
  8462 | D:8      | Found a flagged portal.
  8462 | D:8      | Found a staircase to the Lair.
  8470 | Bailey   | Entered a bailey
  8969 | Bailey   | HP: 3/107 [orc warrior/halberd (6)]
  8988 | Bailey   | HP: 2/107 [centaur/halberd (4)]
  8991 | Bailey   | Mangled by an orc warrior

Action                   |  1- 3 |  4- 6 |  7- 9 | 10-12 || total
-------------------------+-------+-------+-------+-------++-------
Melee: Long sword        |   135 |   118 |   386 |    47 ||   686
       Scimitar          |       |       |       |    99 ||    99
  Use: Potion            |       |     1 |     1 |     4 ||     6
       Scroll            |       |       |    18 |       ||    18
  Eat: Bread ration      |     1 |       |     2 |       ||     3
       Fruit             |       |     5 |     4 |     2 ||    11
       Beef jerky        |       |       |     1 |     1 ||     2
       Pizza             |       |       |     1 |       ||     1
